 Dungeon Crawl Stone Soup version 0.18.1-48-g4cf74bf (webtiles) character file.

80 Jonno22 the Shield-Bearer (level 4, 0/35 HPs)
             Began as a Human Fighter on Aug 19, 2016.
             Killed from afar by an orc wizard (9 damage)
             ... with a puff of frost
             ... on level 3 of the Dungeon.
             The game lasted 00:31:00 (2064 turns).

Jonno22 the Shield-Bearer (Human Fighter)           Turns: 2064, Time: 00:31:02

Health: 0/35       AC: 14    Str: 17    XL:     4   Next: 65%
Magic:  4/4        EV:  5    Int:  9    God:
Gold:   76         SH:  9    Dex: 12    Spells: 0 memorised, 3 levels left

rFire  . . .     SeeInvis .     r - +0 club
rCold  . . .     Gourm    .     p - +4 chain mail
rNeg   . . .     Faith    .     c - +0 shield
rPois  .         Spirit   .     (no helmet)
rElec  .         Dismiss  .     (no cloak)
rCorr  .         Reflect  .     m - +0 pair of gloves (curse)
SustAt .         Harm     .     (no boots)
MR     .....                    (no amulet)
Stlth  ..........               (no ring)
                                (no ring)

@: lethally poisoned (0 -> -37), not resistant to hostile enchantments,
extremely unstealthy
A: no striking features
a: no special abilities


You were on level 3 of the Dungeon.
You were not hungry.

You visited 1 branch of the dungeon, and saw 3 of its levels.

You collected 76 gold pieces.

Inventory:

Hand Weapons
 a - a +0 long sword
 e - a +0 club
 i - a +0 hunting sling
 j - a +0 club
 l - a +0 dagger
 q - a +0 dagger of speed
 r - a +0 club (weapon)
 z - a +0 club
 A - a +0 hand axe
 B - a +0 club
 F - a +0 rapier
Missiles
 n - 47 stones (quivered)
 C - 22 bolts
Armour
 b - a +0 scale mail
 c - a +0 shield (worn)
 m - a cursed +0 pair of gloves (worn)
 p - a +4 chain mail (worn)
Scrolls
 f - 2 scrolls of identify {unknown}
 o - a scroll of enchant weapon {unknown}
 t - a scroll of noise {unknown}
 u - a scroll of random uselessness {unknown}
 y - a scroll of remove curse {unknown}
 G - a scroll of magic mapping {unknown}
Potions
 d - a potion of might
 h - a potion of lignification {unknown}
 k - a potion of curing {unknown}
 s - a potion of haste {unknown}
 v - a potion of berserk rage {unknown}
 w - a potion of brilliance {unknown}
 x - a potion of degeneration {unknown}
Comestibles
 g - a slice of pizza
 D - 4 chunks of flesh
 E - a bread ration


   Skills:
 + Level 3.2 Fighting
 + Level 2.2 Long Blades
 + Level 3.6 Armour
 + Level 1.1 Dodging
 + Level 4.0 Shields


You had 3 spell levels left.
You didn't know any spells.

Dungeon Overview and Level Annotations

Branches:
Dungeon (3/15)

Altars:
Nemelex Xobeh


Message History

The orc hits you but does no damage.
You are more poisoned.
The orc wizard hits you but does no damage.
The orc priest hits you with a hand axe.
You block the orc's attack.
You hit the orc wizard.
The orc wizard is lightly wounded.
You feel very sick.
The orc wizard points at you and mumbles some strange words.
The puff of frost hits you!
The orc priest hits you but does no damage.
The orc hits you but does no damage.
You are more poisoned.
The orc wizard hits you but does no damage.
You feel very sick.
* * * LOW HITPOINT WARNING * * *
You feel very sick.
The orc wizard points at you and mumbles some strange words.
The puff of frost hits you!
You die...

#.# ### ## #.##### #.. .#
#..... ... .#######..# #
#$# # ..........# #.#.#.#
.####.##†.# #.#.#?## .#
#.##..# #..oo..#### ##
#.##..#######o#......
#####.##........@o..#####
.....^##>############
####<.##.# #..##..
##...## #...#.# ##...##
#..## #..#


You could see an orc priest, an orc wizard and 2 orcs.

Vanquished Creatures
  2 adders
  A worm (D:2)
  2 giant geckos
  An orc (D:3)
  3 ball pythons
  6 giant cockroaches
  5 goblins
  3 hobgoblins
  3 jackals (D:1)
  A quokka (D:2)
  9 bats
  A giant newt (D:1)
  8 kobolds
  10 rats
55 creatures vanquished.

Notes
Turn   | Place    | Note
--------------------------------------------------------------
     0 | D:1      | Jonno22 the Human Fighter began the quest for the Orb.
     0 | D:1      | Reached XP level 1. HP: 18/18 MP: 1/1
   183 | D:1      | Reached XP level 2. HP: 24/24 MP: 2/2
   498 | D:1      | Reached XP level 3. HP: 29/29 MP: 3/3
   580 | D:1      | Reached skill level 1 in Dodging
  1686 | D:2      | Reached XP level 4. HP: 34/35 MP: 4/4
  1916 | D:3      | Found a sparkling altar of Nemelex Xobeh.
  1969 | D:3      | Reached skill level 4 in Shields
  2064 | D:3      | Killed from afar by an orc wizard

Skill      XL: |  1  2  3  4 |
---------------+-------------+-----
Dodging        | 1 |  1.1
Shields        | 4 |  4.0
Fighting       | |  3.2
Long Blades    | |  2.2
Armour         | |  3.6

Action                   |  1- 3 |  4- 6 || total
-------------------------+-------+-------++-------
Melee: Long sword        |   134 |       ||   134
       Dagger            |   120 |    46 ||   166
       Club              |       |    21 ||    21
  Eat: Bread ration      |     1 |       ||     1
Armor: Scale mail        |    89 |       ||    89
       Chain mail        |   149 |    44 ||   193
Dodge: Dodged            |    99 |     8 ||   107
Block: Shield            |   194 |    34 ||   228
